AoeStats
← TIMVP

Oasis

509167029Analyzed
3v3 RM · 6d ago on Sep 25, 2026· 44m 53s· 6 players
Game mode
Random Map
Map size
Normal (6 player)
Population
200
Speed
Normal
Resources
Standard
Victory
Conquest
Starting age
Dark Age
Ending age
Imperial Age
RankedLock teamsTeams togetherTeam positionsShared explorationLock speedFull tech treeHidden civsTurbo modeCheats
Victory
Defeat
🇵🇪 Danes · Peru
743
+14
🇵🇪 Chinese · Peru
737
+14
🇨🇱 Bulgarians · Chile
697
+16
🇬🇧 Varangians · United Kingdom
718
-16
🇰🇿 Tatars · Kazakhstan
691
-14
🇷🇸 Byzantines · Serbia
676
-14
olample1911
0:27 Loom
13:28 Feudal Age
15:10 Double-Bit Axe
16:53 Wheelbarrow
16:27 Horse Collar
19:11 Gold Mining
19:12 Stone Mining
24:23 Castle Age
25:51 Hand Cart
26:25 Bow Saw
26:21 Heavy Plow
31:38 Stone Shaft Mining
33:48 Squires
37:37 Imperial Age
36:56 Elite Skirmisher
37:39 Gambesons
37:42 Arson
37:53 Fletching
38:04 Padded Archer Armor
38:07 Scale Mail Armor
39:27 Crop Rotation
40:04 Two-Man Saw
39:18 Fortified Wall
40:10 Chemistry
39:16 Siege Engineers
39:31 Ballistics
39:07 Elite Varangian Guard
40:32 Guilds
39:57 Heavy Scorpion
40:16 Gothikon
43:07 Capped Ram
Seeker
11:24 Feudal Age
12:31 Double-Bit Axe
14:11 Wheelbarrow
13:41 Horse Collar
19:39 Fletching
20:36 Arson
22:58 Gold Mining
27:20 Castle Age
28:16 Hand Cart
28:14 Bow Saw
28:47 Squires
28:59 Crossbowman
31:06 Forging
30:47 Pikeman
34:44 Bodkin Arrow
34:51 Scale Mail Armor
36:27 Thumb Ring
40:26 Iron Casting
40:06 Chain Mail Armor
39:52 Padded Archer Armor
murovev1972
Takhyom
4:01 Loom
12:10 Feudal Age
15:04 Forging
15:46 Scale Mail Armor
20:15 Horse Collar
21:48 Double-Bit Axe
23:14 Scale Barding Armor
24:48 Bloodlines
30:40 Castle Age
30:16 Fletching
31:48 Squires
31:10 Pikeman
31:36 Gambesons
31:16 Light Cavalry
32:51 Stone Mining
34:18 Wheelbarrow
33:53 Husbandry
37:42 Chain Barding Armor
37:58 Iron Casting
39:13 Hand Cart
41:09 Bow Saw
41:01 Heavy Plow
42:54 Caravan
TIMVP
8:05 Loom
15:24 Feudal Age
15:49 Double-Bit Axe
16:46 Wheelbarrow
21:39 Castle Age
20:09 Stone Mining
20:43 Horse Collar
22:58 Stone Shaft Mining
24:38 Gold Mining
29:20 Ballistics
30:51 Heavy Plow
34:09 Imperial Age
32:27 Hand Cart
33:20 Gold Shaft Mining
33:05 Masonry
33:17 Bow Saw
33:49 Scale Mail Armor
34:00 Forging
36:43 Man-at-Arms
37:09 Gambesons
37:41 Long Swordsman
38:39 Chain Mail Armor
41:07 Plate Mail Armor
41:13 Iron Casting
41:31 Two-Handed Swordsman
43:15 Blast Furnace
43:29 Champion
44:14 Heavy Scorpion
A†ilA
0:29 Loom
14:03 Feudal Age
16:05 Wheelbarrow
18:24 Double-Bit Axe
18:48 Horse Collar
25:55 Castle Age
27:53 Hand Cart
31:42 Imperial Age
31:07 Bow Saw
32:48 Conscription
35:49 Elite Chu Ko Nu
36:29 Fletching
36:39 Padded Archer Armor
38:16 Two-Man Saw
37:41 Heavy Plow
41:56 Bodkin Arrow
42:17 Leather Archer Armor
43:34 Chemistry
44:37 Thumb Ring
44:35 Bracer
45:05 Ring Archer Armor
Connection lost

Rejoining the realm…

Still unreachable

The connection could not be restored.

Session expired

The server has moved on; the page needs a fresh start.